 Dungeon Crawl Stone Soup version 0.28.0-53-g5a82cb258f (webtiles) character file.

Game seed: 9117024986720327806

264 Nyth the Skirmisher (level 5, 0/48 HPs)
             Began as a Minotaur Berserker on Aug 11, 2022.
             Was a Believer of Trog.
             Succumbed to an orc wizard's poison
             ... on level 3 of the Dungeon.
             The game lasted 00:07:07 (2550 turns).

Nyth the Skirmisher (Minotaur Berserker)            Turns: 2550, Time: 00:07:08

Health: 0/48       AC:  7    Str: 21    XL:     5   Next: 98%
Magic:  4/4        EV: 11    Int:  4    God:    Trog [**....]
Gold:   96         SH:  0    Dex: 12    Spells: 4/4 levels left

rFire   . . .      SeeInvis .   h - +1 dagger (vamp)
rCold   . . .      Faith    .   (no shield)
rNeg    . . .      Spirit   +   q - +1 scale mail
rPois   .          Reflect  .   (helmet restricted)
rElec   .          Harm     .   (no cloak)
rCorr   .          Rampage  .   (no gloves)
Will    +....                   (no boots)
Stlth   ..........              m - amulet of guardian spirit
HPRegen 0.16/turn               p - ring of willpower
MPRegen 0.09/turn               (no ring)

@: lethally poisoned (0 -> -17)
A: horns 2, retaliatory headbutt
a: Renounce Religion, Berserk, Trog's Hand


You were on level 3 of the Dungeon.
You worshipped Trog.
Trog was pleased with you.
You visited 1 branch of the dungeon, and saw 3 of its levels.

You collected 96 gold pieces.

Inventory:

Hand Weapons
 a - a +0 mace
 e - a +0 rapier
 h - a +1 vampiric dagger (weapon)
 j - a +1 dagger of venom
Armour
 b - a +0 animal skin
 i - a +0 ring mail
 q - a +1 scale mail (worn)
Jewellery
 m - an amulet of guardian spirit (around neck)
 p - a ring of willpower (left hand)
Scrolls
 c - a scroll of brand weapon {unknown}
 f - a scroll of fog
 k - a scroll of teleportation {unknown}
 l - a scroll of noise {unknown}
 n - a scroll of blinking
Potions
 d - a potion of attraction {unknown}


   Skills:
 + Level 5.3 Fighting
 + Level 1.9 Short Blades
 + Level 5.1 Maces & Flails
 + Level 3.6 Armour
 + Level 3.2 Dodging
 + Level 0.6 Stealth


You had 4 spell levels left.
You didn't know any spells.
Your spell library was empty.

Dungeon Overview and Level Annotations

Branches:
Dungeon (3/15)

Altars:

Shops:
D:2 ?   D:3 (


Innate Abilities, Weirdness & Mutations

You have a pair of horns on your head.
You reflexively headbutt those who attack you in melee.


Message History

The orc is severely wounded.
The orc barely misses you.
You hit the orc.
You kill the orc!
Trog accepts your kill.
No target in view!
Something hits you but does no damage.
You see here a +0 flail.
No target in view!
Found 15 gold pieces.
Something hits you but does no damage.
You are poisoned.
No target in view!
You feel sick.
You feel sick. Something hits you.
You are more poisoned.
You feel very sick. Something hits you.
You are more poisoned.
You hit something. Your headbutt misses something.
You feel very sick. Something hits you.
You feel very sick.
You hit something.
You feel better.
You feel very sick.
You start resting.
You feel sick. Something hits you but does no damage.
You are more poisoned.
You drop a scroll of identify.
You feel very sick. Something hits you.
You hit something.
You feel sick. Something hits you but does no damage.
You are lethally poisoned!
You miss something.
* * * LOW HITPOINT WARNING * * *
You feel very sick. Something hits you.
* * * LOW HITPOINT WARNING * * *
You are more poisoned.
* * * LOW HITPOINT WARNING * * *
You feel very sick.
You die...

##### #### ##≈≈≈####
..... #≈≈≈≈≈.. .....
#≈≈∩≈≈# ..... #≈≈.≈≈#
#..##.≈.≈######### #
##................
#...@.?.$.)###### #
#........)......#####
#......###..##.......
#$.....# ##..........
#......# ##.#######.
#....♣♣♣ ...# ##
#...♣♣ ♣♣### ###.
#### ....


There were no monsters in sight!

Vanquished Creatures
  Grinder (D:3)
  An adder (D:3)
  3 dart slugs
  2 orcs (D:3)
  6 endoplasms
  6 goblins
  3 hobgoblins
  3 jackals (D:2)
  2 quokkas
  5 ball pythons
  4 bats (D:1)
  5 frilled lizards
  7 kobolds
  5 rats (D:1)
53 creatures vanquished.

Notes
Turn   | Place    | Note
-------+----------+-------------------------------------------
     0 | D:1      | Nyth the Minotaur Berserker began the quest for the Orb.
     0 | D:1      | Reached XP level 1. HP: 19/19 MP: 0/0
   122 | D:1      | Reached XP level 2. HP: 26/27 MP: 1/1
   513 | D:1      | Reached XP level 3. HP: 34/34 MP: 2/2
  1032 | D:2      | Found Tuklusel's Magic Scroll Boutique.
  1057 | D:2      | Found a faded altar of an unknown god.
  2137 | D:3      | Noticed Grinder
  2146 | D:3      | Killed Grinder
  2147 | D:3      | Reached skill level 5 in Fighting
  2147 | D:3      | Reached skill level 1 in Short Blades
  2147 | D:3      | Reached skill level 5 in Maces & Flails
  2147 | D:3      | Reached XP level 4. HP: 42/42 MP: 3/3
  2147 | D:3      | Reached XP level 5. HP: 48/48 MP: 4/4
  2360 | D:3      | Reached ** piety under Trog
  2530 | D:3      | Found Wuruedghyth's Weapon Shoppe.
  2550 | D:3      | Succumbed to an orc wizard's poison

Illustrated notes

Levels and vault maps discovered:
D:1:      dpeg_arrival_tiny_j, layout_basic
D:2:      layout_basic, serial_shops, nicolae_shop_hallway_stairs,
          hellmonk_ecumenical_altar_pennies_from_heaven
D:3:      layout_rooms, serial_forest, infiniplex_forest_lined_2,
          infiniplex_forest_clump_small, infiniplex_forest_clump_large,
          infiniplex_forest_lined_room_3, infiniplex_forest_end_3,
          infiniplex_forest_corner_1, gammafunk_ghost_smash, serial_shops,
          nicolae_shop_waterfront, st_stairs_14, uniq_grinder, uniq_terence

Skill      XL: |  1  2  3 |
---------------+----------+-----
Maces & Flails | 4 5 |  5.1
Fighting       | 4 5 |  5.3
Short Blades   | 1 |  1.9
Armour         | 3 |  3.6
Dodging        | 3 |  3.2
Stealth        | |  0.6

Action                   |  1- 3 |  4- 6 || total
-------------------------+-------+-------++-------
Melee: Mace              |    18 |       ||    18
       Headbutt          |     8 |     6 ||    14
       Rapier            |    30 |       ||    30
       Dagger            |    22 |    36 ||    58
       Punch             |       |     1 ||     1
Invok: Berserk           |     1 |     1 ||     2
  Use: Scroll            |     6 |       ||     6
       Potion            |     5 |       ||     5
Armor: Animal skin       |     8 |       ||     8
       Ring mail         |     4 |       ||     4
       Scale mail        |     1 |     9 ||    10
Dodge: Dodged            |    46 |    20 ||    66
